 Dungeon Crawl Stone Soup version 0.24.1-8-ga250c9d538 (webtiles) character file.

Game seed: 1796249984003419676, levelgen mode: deterministic

83 raph the Charmwright (level 4, 0/38 HPs)
             Began as a Gnoll Skald on May 9, 2020.
             Succumbed to a killer bee's poison
             ... on level 3 of the Dungeon.
             The game lasted 00:03:53 (1573 turns).

raph the Charmwright (Gnoll Skald)                  Turns: 1573, Time: 00:03:54

Health: 0/38       AC:  4    Str: 14    XL:     4   Next: 44%
Magic:  4/11       EV: 20    Int: 15    God:
Gold:   91         SH:  0    Dex: 20    Spells: 4/13 levels left

rFire    . . .     SeeInvis .   a - +0 falchion
rCold    . . .     Gourm    .   (no shield)
rNeg     . . .     Faith    .   b - +1 leather armour
rPois    .         Spirit   .   (no helmet)
rElec    .         Reflect  .   (no cloak)
rCorr    .         Harm     .   (no gloves)
MR       .....                  (no boots)
Stlth    +++.......             (no amulet)
HPRegen  0.12/turn              (no ring)
MPRegen  0.12/turn              (no ring)

@: agile, lethally poisoned (0 -> -11), very slightly contaminated, hasted, very
quick
A: distributed training, fangs 1, strong nose
a: no special abilities


You were on level 3 of the Dungeon.
You were hungry.

You visited 1 branch of the dungeon, and saw 3 of its levels.

You collected 91 gold pieces.

Inventory:

Hand Weapons
 a - a +0 falchion (weapon)
Missiles
 c - 239 stones (quivered)
Armour
 b - a +1 leather armour (worn)
Wands
 e - a wand of iceblast (11)
 g - a wand of paralysis (3)
Scrolls
 j - a scroll of identify
Potions
 f - 2 potions of flight
 h - a potion of haste
Comestibles
 d - 3 rations
 i - 2 chunks of flesh


   Skills:
 + Level 4.6 Fighting
 + Level 1.1 Short Blades
 + Level 4.6 Long Blades
 + Level 1.1 Axes
 + Level 1.1 Maces & Flails
 + Level 1.1 Polearms
 + Level 1.1 Staves
 + Level 1.1 Slings
 + Level 1.1 Bows
 + Level 1.1 Crossbows
 + Level 1.1 Throwing
 + Level 2.7 Armour
 + Level 4.6 Dodging
 + Level 1.1 Stealth
 + Level 1.1 Shields
 + Level 1.1 Unarmed Combat
 + Level 5.0 Spellcasting
 + Level 0.8 Conjurations
 + Level 0.8 Hexes
 + Level 5.4 Charms
 + Level 0.8 Summonings
 + Level 0.8 Necromancy
 + Level 0.8 Translocations
 + Level 0.8 Transmutations
 + Level 0.8 Fire Magic
 + Level 0.8 Ice Magic
 + Level 0.8 Air Magic
 + Level 0.8 Earth Magic
 + Level 0.8 Poison Magic
 + Level 1.2 Invocations
 + Level 1.1 Evocations


You had 4 spell levels left.
You knew the following spells:

 Your Spells              Type           Power        Failure   Level  Hunger
a - Infusion              Chrm           ###.         1%          1    None
b - Song of Slaying       Chrm           ###.....     3%          2    ##.....
c - Regeneration          Chrm/Necr      ##........   16%         3    ###....
d - Spectral Weapon       Hex/Chrm       ##......     16%         3    ###....

Your spell library contained the following spells:

 Spells                   Type           Power        Failure   Level  Hunger
 Shroud of Golubria       Chrm/Tloc      ##....       9%          2    ##.....


Dungeon Overview and Level Annotations

Branches:
Dungeon (3/15)

Altars:
Qazlal
Vehumet


Innate Abilities, Weirdness & Mutations

Your experience applies equally to all skills.
You have very sharp teeth.
Your uncanny sense of smell can sniff out nearby items.


Message History

Okay, then.
What are your orders? t - Bark!
Orders for allies: a - Attack new target. p - Attack previous target. r - Retreat! s - Stop attacking. g - Guard the area. f - Follow me.
Anything else - Cancel.
Retreat in which direction?
Press: ? - help, Dir - move target cursor, f - you, p - killer bee
Okay, then.
Okay, then.
* * * LOW HITPOINT WARNING * * *
You feel sick.
* * * LOW HITPOINT WARNING * * *
You feel sick.
Okay, then.
Okay, then.
* * * LOW HITPOINT WARNING * * *
You feel sick.
You die...

#.........
#...#####. #...#
#.####.######.#
#.............#
######.########
#.....#
######.#.#.#########
.......÷....@......#
######.#.#y#######.#
######....y# ∆
#####...####y###
y†yy..#yy.yy.#
#####r.y###### #####
∆


You could see 4 killer bees.

Vanquished Creatures
  Ijyb (D:2)
  An adder (D:2)
  An ooze (D:2)
  A worm (D:3)
  3 dart slugs (D:1)
  A leopard gecko (D:3)
  2 giant cockroaches (D:2)
  10 goblins
  A hobgoblin (D:3)
  2 quokkas (D:2)
  4 bats
  2 frilled lizards
  4 kobolds (D:2)
  3 rats
36 creatures vanquished.

Vanquished Creatures (others)
  A spectral weapon (D:3)
1 creature vanquished.

Grand Total: 37 creatures vanquished

Notes
Turn   | Place    | Note
-------+----------+-------------------------------------------
     0 | D:1      | raph the Gnoll Skald began the quest for the Orb.
     0 | D:1      | Reached XP level 1. HP: 20/20 MP: 6/6
   404 | D:1      | Reached XP level 2. HP: 24/26 MP: 3/7
   423 | D:1      | Learned a level 2 spell: Song of Slaying
   677 | D:2      | Found a radiant altar of Vehumet.
   743 | D:2      | Reached XP level 3. HP: 30/31 MP: 3/9
   847 | D:2      | Found a stormy altar of Qazlal.
   912 | D:2      | Reached skill level 5 in Spellcasting
   965 | D:2      | Learned a level 3 spell: Regeneration
   972 | D:2      | Learned a level 3 spell: Spectral Weapon
  1072 | D:2      | Noticed Ijyb
  1101 | D:2      | Reached skill level 1 in Invocations
  1122 | D:2      | Paralysed by Ijyb for 6 turns
  1130 | D:2      | Killed Ijyb
  1130 | D:2      | Reached skill level 1 in Short Blades
  1130 | D:2      | Reached skill level 1 in Axes
  1130 | D:2      | Reached skill level 1 in Maces & Flails
  1130 | D:2      | Reached skill level 1 in Polearms
  1130 | D:2      | Reached skill level 1 in Staves
  1130 | D:2      | Reached skill level 1 in Slings
  1130 | D:2      | Reached skill level 1 in Bows
  1130 | D:2      | Reached skill level 1 in Crossbows
  1130 | D:2      | Reached skill level 1 in Throwing
  1130 | D:2      | Reached skill level 1 in Stealth
  1130 | D:2      | Reached skill level 1 in Shields
  1130 | D:2      | Reached skill level 1 in Unarmed Combat
  1130 | D:2      | Reached skill level 1 in Evocations
  1130 | D:2      | Reached XP level 4. HP: 28/38 MP: 2/11
  1571 | D:3      | HP: 1/38 [poisoned by a killer bee]
  1573 | D:3      | Succumbed to a killer bee's poison

Levels and vault maps discovered:
D:1:      dpeg_arrival_rooms_c, layout_loops_ring, minmay_tetromino_l2
D:2:      kennysheep_the_goblin_king, layout_basic,
          nicolae_overflow_hidden_temple, grunt_qazlal_sundering,
          hangedman_abyss_or_decor_lesser_grid
D:3:      layout_loops_ring, minmay_misc_feat_five

Skill      XL: |  1  2  3 |
---------------+----------+-----
Spellcasting   | 5 |  5.0
Invocations    | 1 |  1.2
Short Blades   | 1 |  1.1
Axes           | 1 |  1.1
Maces & Flails | 1 |  1.1
Polearms       | 1 |  1.1
Staves         | 1 |  1.1
Slings         | 1 |  1.1
Bows           | 1 |  1.1
Crossbows      | 1 |  1.1
Throwing       | 1 |  1.1
Stealth        | 1 |  1.1
Shields        | 1 |  1.1
Unarmed Combat | 1 |  1.1
Evocations     | 1 |  1.1
Fighting       | |  4.6
Long Blades    | |  4.6
Armour         | |  2.7
Dodging        | |  4.6
Conjurations   | |  0.8
Hexes          | |  0.8
Charms         | |  5.4
Summonings     | |  0.8
Necromancy     | |  0.8
Translocations | |  0.8
Transmutations | |  0.8
Fire Magic     | |  0.8
Ice Magic      | |  0.8
Air Magic      | |  0.8
Earth Magic    | |  0.8
Poison Magic   | |  0.8

Action                   |  1- 3 |  4- 6 || total
-------------------------+-------+-------++-------
Melee: Dagger            |    28 |       ||    28
       Bite              |     5 |     7 ||    12
       Falchion          |    42 |    30 ||    72
 Cast: Infusion          |    11 |     2 ||    13
       Regeneration      |     2 |       ||     2
       Spectral Weapon   |       |     1 ||     1
  Use: Scroll            |     4 |       ||     4
       Potion            |       |     2 ||     2
  Eat: Chunk             |       |     2 ||     2
Armor: Leather armour    |    20 |    11 ||    31
Dodge: Dodged            |    53 |    39 ||    92
       Rpst.: Falchion   |    12 |    15 ||    27
